 Dungeon Crawl Stone Soup version 0.25-a0-420-g1cc7eeb0d1 (webtiles) character file.

Game seed: 5560404074955233239, levelgen mode: deterministic

260196 Essalna the Warrior (level 19, -1/132 HPs)
             Began as a Gargoyle Berserker on Jan 18, 2020.
             Was the Champion of Trog.
             Killed by divine providence
             ... invoked by an orc high priest
              (9 damage)
             ... on level 1 of the Elven Halls on Jan 19, 2020.
             The game lasted 01:50:14 (32650 turns).

Essalna the Warrior (Gargoyle Berserker)           Turns: 32650, Time: 01:50:14

Health: -1/132     AC: 71    Str: 24    XL:     19   Next: 92%
Magic:  28/28      EV: 12    Int: 16    God:    Trog [******]
Gold:   1501       SH:  7    Dex:  9    Spells: 18/18 levels left

rFire    . . .     SeeInvis +   H - +9 demon whip of Jumael {flame, Int+6}
rCold    + . .     Gourm    .   o - +0 buckler
rNeg     + . .     Faith    .   Y - +19 crystal plate armour of Tydaisoaga {rC+}
rPois    ∞         Spirit   .   G - +3 crown of Dyrovepreva {rElec Int+2 SInv}
rElec    +         Reflect  .   l - +2 cloak
rCorr    +         Harm     .   w - +2 pair of gloves
MR       ++++.                  F - +0 pair of boots
Stlth    ..........             W - amulet of regeneration
HPRegen  1.72/turn              X - ring of Welotim {rElec rCorr Str-5 Slay+5}
MPRegen  0.21/turn              C - +3 ring of evasion

@: flying, regenerating, studying Maces & Flails
A: big wings, talons 1, blurry vision 2, magic resistance 1, negative energy
resistance 1, electricity resistance, unbreathing, petrification resistance, rot
immunity, AC +14
}: 2/15 runes: serpentine, barnacled
a: Stop Flying, Berserk, Trog's Hand, Brothers in Arms, Renounce Religion


You were on level 1 of the Elven Halls.
You worshipped Trog.
Trog was exalted by your worship.
You were not hungry.

You visited 7 branches of the dungeon, and saw 33 of its levels.
You also visited: Sewer, Ice Cave and Volcano.

You collected 3491 gold pieces.
You spent 1990 gold pieces at shops.

Inventory:

Hand Weapons
 H - the +9 demon whip of Jumael (weapon) {flame, Int+6}
   (Trog gifted it to you on level 8 of the Dungeon)

   It has been specially enchanted to burn those struck by it, causing extra
   injury to most foes and up to half again as much damage against particularly
   susceptible opponents.
   It affects your intelligence (+6).
 I - a +3 demon whip of flaming
 Z - the +7 eveningstar "Kukipn" {antimagic, +Fly rF- Dex+2}
   (Trog gifted it to you on level 6 of the Lair of Beasts)

   It reduces the magical energy of the wielder, and disrupts the spells and
   magical abilities of those hit.
   Natural abilities and divine invocations are not affected.
   It affects your dexterity (+2).
   It makes you vulnerable to fire.
   It lets you fly.
Armour
 l - a +2 cloak (worn)
 o - a +0 buckler (worn)
 p - a scarf of spirit shield
 q - a +0 pair of gloves
 w - a +2 pair of gloves (worn)
 F - a +0 pair of boots (worn)
 G - the +3 crown of Dyrovepreva (worn) {rElec Int+2 SInv}
   (You found it on level 6 of the Dungeon)

   It affects your intelligence (+2).
   It insulates you from electricity.
   It lets you see invisible.
 P - a +2 helmet of intelligence
 Y - the +19 crystal plate armour of Tydaisoaga (worn) {rC+}
   (You bought it in a shop on level 2 of the Orcish Mines)

   It protects you from cold.
Jewellery
 g - a +5 ring of protection {unknown}
 u - a +3 amulet of reflection {unknown}
 y - the ring "Usosiot" {+Fly rF- rN+ Str+6}
   (You found it on level 6 of the Lair of Beasts)

   [ring of positive energy]

   It affects your strength (+6).
   It makes you vulnerable to fire.
   It protects you from negative energy.
   It lets you fly.
 z - an uncursed ring of fire {unknown}
 B - the ring of Borghoth {Wiz rF- rN+ MR+ Slay+2}
   (You found it on level 6 of the Lair of Beasts)

   [ring of wizardry]

   It improves your spell success rate.
   It affects your accuracy and damage with ranged weapons and melee attacks
   (+2).
   It makes you vulnerable to fire.
   It protects you from negative energy.
   It affects your resistance to hostile enchantments.
 C - a +3 ring of evasion (right hand)
 D - an uncursed ring of flight {unknown}
 K - an uncursed ring of wizardry {unknown}
 V - an uncursed ring of resist corrosion {unknown}
 W - an amulet of regeneration (around neck)
 X - the ring of Welotim (left hand) {rElec rCorr Str-5 Slay+5}
   (You acquired it on level 5 of the Lair of Beasts)

   [ring of resist corrosion]

   It affects your strength (-5).
   It affects your accuracy and damage with ranged weapons and melee attacks
   (+5).
   It insulates you from electricity.
   It provides partial protection from all sources of acid and corrosion.
Wands
 N - a wand of iceblast (10)
Scrolls
 b - 4 scrolls of magic mapping
 e - 4 scrolls of blinking
 k - 14 scrolls of identify
 s - a scroll of summoning
 t - 2 scrolls of fear
 L - 2 scrolls of remove curse
 M - 3 scrolls of fog
 O - 29 scrolls of teleportation
 R - 8 scrolls of enchant weapon
 S - 6 scrolls of enchant armour
Potions
 a - 4 potions of might
 d - 4 potions of invisibility
 i - 10 potions of heal wounds
 j - 7 potions of agility
 n - 7 potions of brilliance
 r - 13 potions of curing
 x - 4 potions of haste
 A - 2 potions of cancellation
 E - 5 potions of resistance
 Q - a potion of berserk rage
 U - 3 potions of ambrosia
Books
 h - a manual of Maces & Flails
Comestibles
 c - 54 rations
 m - 6 chunks of flesh


   Skills:
 + Level 19.0 Fighting
 + Level 14.4 Maces & Flails
 + Level 18.8 Armour
 - Level 9.1 Dodging
 + Level 13.2 Shields
 + Level 13.0 Evocations


You had 18 spell levels left.
You didn't know any spells.
Your spell library was empty.

Dungeon Overview and Level Annotations

Branches:
Dungeon (15/15)            Temple (1/1) D:4            Lair (6/6) D:8
 Shoals (4/4) Lair:4        Snake (4/4) Lair:3        Slime (0/5) Lair:5
    Orc (2/2) D:11            Elf (1/3) Orc:2        Vaults (0/5) D:14
 Depths (0/5) D:15          Sewer (visited)           IceCv (visited)
Volcano (visited)

Altars:
Dithmenos
Elyvilon
Fedhas
Kikubaaqudgha
Okawaru
Sif Muna
Uskayaw
Vehumet
Wu Jian
Xom
Yredelemnul
Beogh

Shops:
Orc:2 ?*[*   Snake:4 }=}

Portals:
Abyss: D:11

Annotations:
Shoals:4 exclusion: oklob plant
Elf:1 Roxanne


Innate Abilities, Weirdness & Mutations

You are resistant to torment.
Your stone body is resilient. (AC +14)
You are immune to poison.
Your large and strong wings let you fly indefinitely.
You resist negative energy. (rN+)
You are resistant to electric shocks. (rElec)
You can survive without breathing.
You are immune to petrification.
You are immune to rotting.
You have sharp toenails.
Scrolls take you longer to read.
You are resistant to hostile enchantments. (MR+)


Message History

You block the rust devil's attack.
The orc priest mumbles some strange prayers to Beogh against you.
Beogh smites you!
* * * LOW HITPOINT WARNING * * *
The orc warrior hits you but does no damage.
The orc high priest calls down the wrath of Beogh upon you.
Beogh smites you!
* * * LOW HITPOINT WARNING * * *
An orc knight comes into view. It is wielding a +3 war axe of flaming.
The ice devil hits you but does no damage.
You block the orc high priest's attack.
The orc priest moves out of view.
There is an open door, spattered with blood here.
Items here: $ ( ))))) [[[[ † The orc high priest no longer looks unusually strong.
The orc priest calls down the wrath of Beogh upon you.
Beogh smites you!
* * * LOW HITPOINT WARNING * * *
The orc high priest invokes the aid of Beogh against you.
Beogh smites you!
You die...

########### #######
#......?).# .......
#.........# .......
#......(..# .......
#.....(...######4o.....
#.(..(....'...@4ooo....
#.........######4oo....
#.........#


oo..... #.........# #..'### #....(....# #o## ######'#### o# #.# # ###)###
##.....## You could see an orc knight, 2 orc high priests, an ice devil, 2 rust
devils, an orc warrior and 3 orc priests.

Vanquished Creatures
  Jorgrun (Shoals:1)
  A kraken (Shoals:1)
  9 nagarajas
  Aizul (Snake:1)
  A deep elf sorcerer (Elf:1)
  3 orc warlords
  A deep elf elementalist (Elf:1)
  2 very ugly things (IceCv)
  Azrael (Snake:2)
  5 merfolk javelineers
  5 merfolk impalers
  The ghost of scorp85 the Grappler, a journeyman TrMo of Okawaru (D:11)
  Josephine (D:14)
  2 ogre magi
  12 naga warriors
  5 hydras
  21 anacondas
  4 merfolk avatars
  8 merfolk aquamancers
  3 alligator snapping turtles
  5 dancing weapons
  A thrashing horror (D:11)
  16 two-headed ogres
  9 naga sharpshooters
  A tengu warrior (D:15)
  6 satyrs
  6 shock serpents
  A hell knight (Volcano)
  Sonja (D:12)
  3 deep elf knights (Elf:1)
  5 salamander mystics (Snake:4)
  2 unseen horrors
  A wizard (D:15)
  10 sea snakes
  A glowing orange brain (D:11)
  2 necromancers
  5 naga ritualists
  11 orc knights
  4 lindwurms (Snake:4)
  6 deep elf archers (Elf:1)
  6 harpies
  The ghost of Rosaphim the Slasher, a novice DsMo of Nemelex Xobeh (D:6)
  4 cyclopes
  10 mana vipers
  18 deep elf magi
  4 oklob plants (Lair:6)
  15 manticores
  18 ugly things
  6 salamanders
  3 orc sorcerers
  10 fauns
  4 centaur zombies
  The ghost of ytaras the Cleaver, a novice HOBe of Trog (D:5)
  28 naga magi
  A toenail golem (D:11)
  12 guardian serpents
  9 merfolk sirens
  2 torpor snails
  Joseph (D:8)
  9 water nymphs
  8 centaur skeletons
  28 black mambas
  5 ice statues (IceCv)
  A gargoyle (D:14)
  A freezing wraith (D:15)
  23 spiny frogs
  12 komodo dragons
  A rime drake (Lair:3)
  Maggie (D:8)
  An ancient zyme (D:11)
  7 trolls
  40 merfolk
  3 hornets
  A polar bear (Lair:3)
  8 wind drakes
  6 slime creatures (D:13)
  4 tyrant leeches (Lair:6)
  29 blink frogs
  14 dream sheep
  A dream sheep (shapeshifter) (D:14)
  16 hippogriffs
  A large abomination (D:11)
  13 snapping turtles
  8 wraiths
  Sigmund (D:2)
  A tarantella (D:15)
  4 redbacks (D:15)
  61 yaks
  A shadow (D:12)
  3 wyverns
  9 water elementals
  4 fire elementals
  Eustachio (D:4)
  2 basilisks
  2 humans (D:12)
  4 steam dragons
  14 vampire mosquitoes
  2 hungry ghosts
  45 nagas
  10 wargs
  5 harpy simulacra (IceCv)
  An iron troll simulacrum (IceCv)
  2 hydra simulacra (IceCv)
  6 hell hounds
  3 soldier ants
  10 porcupines
  Duvessa (D:4)
  13 water moccasins
  4 sky beasts
  7 ice beasts
  An ettin simulacrum (IceCv)
  60 orc warriors
  2 necrophages (D:9)
  An eye of draining (D:15)
  2 black bears
  4 phantoms
  3 wolves
  A hornet zombie (D:15)
  A small abomination (D:11)
  16 ogres
  9 centaurs
  12 crocodiles
  2 big kobolds
  Blork the orc (D:4)
  30 bullfrogs
  A wyvern zombie (D:9)
  2 earth elementals (Elf:1)
  Dowan (D:4)
  4 scorpions
  A water moccasin skeleton (D:6)
  10 killer bees
  15 wights
  4 electric eels
  3 howler monkeys
  4 crimson imps
  8 hounds
  3 jellies
  Crazy Yiuf (D:3)
  A gnoll shaman (D:6)
  16 orc priests
  A bullfrog zombie (D:9)
  Jessica (D:3)
  An iguana (D:5)
  31 orc wizards
  2 yak simulacra (Lair:5)
  3 polar bear simulacra (Lair:5)
  9 worker ants
  A killer bee zombie (D:5)
  4 wolf simulacra (Lair:5)
  A hound skeleton (D:9)
  9 gnolls
  4 worker ant zombies
  16 adders
  2 shadow imps
  4 oozes
  An adder zombie (D:5)
  5 worms
  3 leopard geckos
  137 orcs
  4 bats (D:2)
  11 giant cockroaches
  7 goblins
  6 hobgoblins
  7 jackals
  2 quokkas
  4 ball pythons
  10 frilled lizards
  18 kobolds
  A leopard gecko skeleton (D:4)
  2 quokka zombies
  7 rats
  2 river rat simulacra (Lair:5)
  A plant (Shoals:4)
  3 tentacles (Shoals:1)
1332 creatures vanquished.

Vanquished Creatures (others)
  A merfolk (Shoals:4)
  A naga (Snake:3)
  3 wolves (Lair:5)
  A leopard gecko (D:4)
  A frilled lizard (D:4)
  A bush (Lair:6)
  3 fungi (Lair:6)
  44 plants
  5 tentacles (Shoals:1)
  4 toadstools (D:1)
64 creatures vanquished.

Grand Total: 1396 creatures vanquished

Notes
Turn   | Place    | Note
-------+----------+-------------------------------------------
     0 | D:1      | Essalna the Gargoyle Berserker began the quest for the Orb.
     0 | D:1      | Reached XP level 1. HP: 14/14 MP: 1/1
    85 | D:1      | Reached XP level 2. HP: 19/19 MP: 2/2
   851 | D:2      | Reached XP level 3. HP: 19/24 MP: 3/3
   982 | D:2      | Reached ** piety under Trog
  1165 | D:2      | Reached skill level 4 in Fighting
  1220 | D:2      | Noticed Sigmund
  1236 | D:2      | Killed Sigmund
  1236 | D:2      | Reached XP level 4. HP: 23/30 MP: 4/4
  1236 | D:2      | Reached XP level 5. HP: 26/34 MP: 5/5
  1441 | D:3      | Reached XP level 6. HP: 39/40 MP: 6/6
  1497 | D:3      | Noticed Jessica
  1501 | D:3      | Killed Jessica
  1501 | D:3      | Reached skill level 5 in Fighting
  1732 | D:3      | Found a runed translucent door.
  1733 | D:3      | Noticed Crazy Yiuf
  1858 | D:3      | Found a glowing drain.
  1863 | Sewer    | Entered a sewer
  2846 | D:3      | Killed Crazy Yiuf
  3077 | D:4      | Reached *** piety under Trog
  3083 | D:4      | Reached skill level 5 in Maces & Flails
  3083 | D:4      | Reached skill level 5 in Armour
  3083 | D:4      | Reached skill level 1 in Shields
  3083 | D:4      | Reached XP level 7. HP: 29/44 MP: 7/7
  3378 | D:4      | Found a staircase to the Ecumenical Temple.
  3486 | D:4      | Identified the +1 robe of the Hanged Man {rPois Int+2
                  | Dex+4}
  3614 | D:4      | Noticed Eustachio
  3640 | D:4      | HP: 2/45 [iron imp[Eustachio] (9)]
  3644 | D:4      | Killed Eustachio
  3644 | D:4      | Reached skill level 6 in Fighting
  3919 | D:4      | Reached XP level 8. HP: 47/51 MP: 8/8
  4062 | D:4      | Noticed Dowan
  4063 | D:4      | Noticed Duvessa
  4089 | D:4      | Killed Dowan
  4094 | Temple   | Entered the Ecumenical Temple
  4210 | D:4      | Killed Duvessa
  4292 | D:4      | Found a shimmering altar of Xom.
  4701 | D:4      | Noticed Blork the orc
  4711 | D:4      | Killed Blork the orc
  4792 | D:5      | Entered Level 5 of the Dungeon
  4852 | D:5      | Found a runed translucent door.
  4853 | D:5      | Noticed ytaras's ghost (novice HOBe)
  4886 | D:5      | Killed ytaras's ghost
  4886 | D:5      | Reached skill level 7 in Fighting
  4886 | D:5      | Reached XP level 9. HP: 57/57 MP: 9/9
  5639 | D:5      | Reached **** piety under Trog
  6122 | D:6      | Found a blossoming altar of Fedhas.
  6176 | D:6      | Found a runed translucent door.
  6177 | D:6      | Noticed Rosaphim's ghost (novice DsMo)
  6178 | D:6      | Found the +3 crown of Dyrovepreva {rElec Int+2 SInv}
  6207 | D:6      | Killed Rosaphim's ghost
  6207 | D:6      | Reached skill level 8 in Fighting
  6322 | D:6      | Found an iron altar of Okawaru.
  6842 | D:7      | Reached XP level 10. HP: 39/65 MP: 10/10
  7689 | D:8      | Reached ***** piety under Trog
  7689 | D:8      | Received a gift from Trog
  7693 | D:8      | Got a smoking demon whip {god gift}
  7694 | D:8      | Identified the +9 demon whip of Jumael {flame, Int+6} (Trog
                  | gifted it to you on level 8 of the Dungeon)
  7714 | D:8      | Noticed Joseph
  7725 | D:8      | Killed Joseph
  7947 | D:8      | Noticed a two-headed ogre
  7955 | D:8      | Killed a two-headed ogre
  7955 | D:8      | Reached skill level 9 in Fighting
  7955 | D:8      | Reached skill level 5 in Dodging
  8179 | D:8      | Found a shadowy altar of Dithmenos.
  8244 | D:8      | Found a staircase to the Lair.
  8394 | D:8      | Noticed a two-headed ogre
  8400 | D:8      | Killed a two-headed ogre
  8472 | D:8      | Noticed Maggie
  8478 | D:8      | Killed Maggie
  8631 | Lair:1   | Entered Level 1 of the Lair of Beasts
  8837 | Lair:1   | Reached XP level 11. HP: 65/72 MP: 11/11
  8894 | Lair:1   | Reached skill level 10 in Fighting
  9009 | Lair:1   | Found a dark tunnel.
  9025 | Volcano  | Entered a volcano
  9078 | Volcano  | Noticed a two-headed ogre
  9087 | Volcano  | Killed a two-headed ogre
  9087 | Volcano  | Reached skill level 10 in Armour
  9109 | Volcano  | Noticed a hell knight
  9186 | Volcano  | Noticed a two-headed ogre
  9199 | Volcano  | Killed a hell knight
  9201 | Volcano  | Killed a two-headed ogre
  9255 | Volcano  | Noticed a two-headed ogre
  9261 | Volcano  | Killed a two-headed ogre
  9284 | Volcano  | Noticed a two-headed ogre
  9284 | Volcano  | Noticed a two-headed ogre
  9284 | Volcano  | Noticed an ogre mage
  9294 | Volcano  | Killed a two-headed ogre
  9294 | Volcano  | Reached skill level 10 in Maces & Flails
  9303 | Volcano  | Killed an ogre mage
  9303 | Volcano  | Reached skill level 11 in Fighting
  9310 | Volcano  | Killed a two-headed ogre
  9556 | Lair:1   | Received a gift from Trog
  9642 | Lair:1   | Reached XP level 12. HP: 80/80 MP: 12/12
 10341 | Lair:2   | Found a gate leading to a gauntlet.
 10732 | Lair:2   | Noticed a six-headed hydra
 10742 | Lair:2   | Killed a six-headed hydra
 11001 | Lair:3   | Reached skill level 12 in Fighting
 11053 | Lair:3   | Found a runed translucent door.
 11248 | Lair:3   | Found a staircase to the Snake Pit.
 11423 | Lair:3   | Gained mutation: Scrolls take you a little longer to read.
                  | [potion of mutation]
 11423 | Lair:3   | Gained mutation: You are resistant to hostile enchantments.
                  | (MR+) [potion of mutation]
 11423 | Lair:3   | Gained mutation: Your body sometimes deteriorates upon
                  | taking damage. [potion of mutation]
 11423 | Lair:3   | Gained mutation: Your mind is acute. (Int +2) [potion of
                  | mutation]
 11424 | Lair:3   | Lost mutation: Your mind is acute. (Int +2) [potion of
                  | mutation]
 11424 | Lair:3   | Lost mutation: Your body sometimes deteriorates upon taking
                  | damage. [potion of mutation]
 11424 | Lair:3   | Gained mutation: Scrolls take you longer to read. [potion
                  | of mutation]
 11424 | Lair:3   | Gained mutation: You have sharp toenails. [potion of
                  | mutation]
 11669 | Lair:3   | Noticed a five-headed hydra
 11679 | Lair:3   | Killed a five-headed hydra
 11758 | Lair:4   | Found a staircase to the Shoals.
 11788 | Lair:4   | Received a gift from Trog
 11997 | Lair:4   | Reached XP level 13. HP: 78/87 MP: 13/13
 12580 | Lair:5   | Reached skill level 13 in Fighting
 12636 | Lair:5   | Reached skill level 1 in Evocations
 12796 | Lair:5   | Found a shimmering blue altar of Sif Muna.
 12869 | Lair:5   | Identified a scroll of acquirement
 12869 | Lair:5   | Identified the ring of Welotim {rElec rCorr Str-5 Slay+5}
                  | (You acquired it on level 5 of the Lair of Beasts)
 12993 | Lair:5   | Found a staircase to the Slime Pits.
 13156 | Lair:5   | Received a gift from Trog
 13319 | Lair:6   | Entered Level 6 of the Lair of Beasts
 13806 | Lair:6   | Got a twitching pewter ring
 13858 | Lair:6   | Gained mutation: Your large and strong wings let you fly
                  | indefinitely. [Gargoyle growth]
 13858 | Lair:6   | Reached XP level 14. HP: 84/95 MP: 17/17
 13886 | Lair:6   | Reached skill level 14 in Fighting
 14027 | Lair:6   | Received a gift from Trog
 14042 | Lair:6   | Reached skill level 5 in Evocations
 14073 | Lair:6   | Got a steaming eveningstar {god gift}
 14074 | Lair:6   | Identified the +7 eveningstar "Kukipn" {antimagic, +Fly rF-
                  | Dex+2} (Trog gifted it to you on level 6 of the Lair of
                  | Beasts)
 14421 | Lair:6   | Got an ancient bone ring
 14441 | Lair:6   | Identified the ring "Usosiot" {+Fly rF- rN+ Str+6} (You
                  | found it on level 6 of the Lair of Beasts)
 14443 | Lair:6   | Identified the ring of Borghoth {Wiz rF- rN+ MR+ Slay+2}
                  | (You found it on level 6 of the Lair of Beasts)
 14901 | D:9      | Found a radiant altar of Vehumet.
 14905 | D:9      | Found a shimmering blue altar of Sif Muna.
 14906 | D:9      | Found an ancient bone altar of Kikubaaqudgha.
 14907 | D:9      | Found a basalt altar of Yredelemnul.
 14907 | D:9      | Found a shimmering altar of Xom.
 14908 | D:9      | Found a hide-covered altar of Uskayaw.
 15707 | D:10     | Entered Level 10 of the Dungeon
 15845 | D:10     | Received a gift from Trog
 16858 | D:11     | Received a gift from Trog
 17113 | D:11     | Found a staircase to the Orcish Mines.
 17173 | D:11     | Found a one-way gate to the infinite horrors of the Abyss.
 17173 | D:11     | Noticed scorp85's ghost (journeyman TrMo)
 17189 | D:11     | Found a transporter.
 17212 | D:11     | Found a transporter.
 17304 | D:11     | Killed scorp85's ghost
 17410 | Orc:1    | Entered Level 1 of the Orcish Mines
 17416 | Orc:1    | Noticed an orc warlord
 17441 | Orc:1    | Killed an orc warlord
 17441 | Orc:1    | Reached XP level 15. HP: 101/101 MP: 20/20
 17610 | Orc:1    | Received a gift from Trog
 17676 | Orc:1    | Noticed an orc warlord
 17680 | Orc:1    | Reached skill level 15 in Fighting
 17836 | Orc:1    | Killed an orc warlord
 18220 | Orc:2    | Entered Level 2 of the Orcish Mines
 18396 | Orc:2    | Reached ****** piety under Trog
 18447 | Orc:2    | Reached skill level 15 in Armour
 18454 | Orc:2    | Received a gift from Trog
 18558 | Orc:2    | Found a staircase to the Elven Halls.
 18825 | Orc:2    | Found a roughly hewn altar of Beogh.
 18873 | Orc:2    | Received a gift from Trog
 18902 | Orc:2    | Found Wuing's Magic Scroll Shoppe.
 18902 | Orc:2    | Found Saup's General Store.
 19001 | Orc:2    | Noticed an orc warlord
 19020 | Orc:2    | Killed an orc warlord
 19138 | Orc:2    | Found Fawniawk's Armour Shoppe.
 19138 | Orc:2    | Found Riffoesk's General Store.
 19143 | Orc:2    | Bought the +19 crystal plate armour of Tydaisoaga {rC+} for
                  | 1990 gold pieces
 19610 | D:12     | Found an iron altar of Okawaru.
 19905 | D:12     | Noticed Sonja
 19909 | D:12     | Killed Sonja
 20051 | D:12     | Received a gift from Trog
 20379 | D:13     | Reached skill level 5 in Shields
 20718 | D:14     | Found a gate to the Vaults.
 20751 | D:14     | Received a gift from Trog
 20797 | D:14     | Reached XP level 16. HP: 103/110 MP: 22/22
 21280 | D:14     | Noticed Josephine
 21309 | D:14     | Reached skill level 16 in Fighting
 21314 | D:14     | Killed Josephine
 21578 | D:15     | Entered Level 15 of the Dungeon
 21679 | D:15     | Found a staircase to the Depths.
 21850 | D:15     | Received a gift from Trog
 22728 | Snake:1  | Entered Level 1 of the Snake Pit
 22826 | Snake:1  | Noticed Aizul
 22849 | Snake:1  | Killed Aizul
 23075 | Snake:1  | Found a frozen archway.
 23080 | IceCv    | Entered an ice cave
 23348 | IceCv    | Received a gift from Trog
 23672 | Snake:1  | Reached skill level 10 in Evocations
 23976 | Snake:1  | Reached XP level 17. HP: 116/116 MP: 24/24
 24489 | Snake:2  | Noticed Azrael
 24499 | Snake:2  | Killed Azrael
 24886 | Snake:3  | Reached skill level 17 in Fighting
 25011 | Snake:3  | Received a gift from Trog
 25904 | Snake:4  | Entered Level 4 of the Snake Pit
 26181 | Snake:4  | Found a runed translucent door.
 26220 | Snake:4  | Reached skill level 10 in Shields
 26281 | Snake:4  | Received a gift from Trog
 26411 | Snake:4  | Found Ycsidodd's Gadget Emporium.
 26414 | Snake:4  | Found Pifrer's Jewellery Shop.
 26415 | Snake:4  | Found Hohen's Gadget Emporium.
 26944 | Snake:4  | Reached XP level 18. HP: 95/124 MP: 26/26
 27096 | Snake:4  | Received a gift from Trog
 27383 | Snake:4  | Reached skill level 18 in Fighting
 27513 | Snake:4  | Received a gift from Trog
 27533 | Snake:4  | Got a serpentine rune of Zot
 27794 | Shoals:1 | Entered Level 1 of the Shoals
 28151 | Shoals:1 | Noticed Jorgrun
 28180 | Shoals:1 | Killed Jorgrun
 29109 | Shoals:2 | Received a gift from Trog
 29570 | Shoals:3 | Reached XP level 19. HP: 121/131 MP: 28/28
 30199 | Shoals:3 | Received a gift from Trog
 30444 | Shoals:4 | Entered Level 4 of the Shoals
 30459 | Shoals:4 | Found a white marble altar of Elyvilon.
 30580 | Shoals:4 | Got a barnacled rune of Zot
 31019 | Shoals:4 | Received a gift from Trog
 32007 | Elf:1    | Entered Level 1 of the Elven Halls
 32125 | Elf:1    | Noticed Roxanne
 32247 | Elf:1    | Received a gift from Trog
 32644 | Elf:1    | Reached skill level 19 in Fighting
 32650 | Elf:1    | Killed from afar by an orc high priest

Levels and vault maps discovered:
D:1:      ncdulo_halloftheorcs, layout_loops_corners, minmay_gold_behind_fungi
D:2:      layout_loops_ring, nrook_loot_triangle, uniq_sigmund
D:3:      layout_loops_ring, gup_sewer_entry_bowl, uniq_crazy_yiuf_cottage,
          uniq_jessica
D:4:      layout_gridville, minmay_temple_entry_arrows, xom_confusion_cloud,
          uniq_eustachio, uniq_blork_the_orc, uniq_duvessa
D:5:      layout_basic, gammafunk_ghost_grave, first_ration,
          corexii_hall_statues_i
D:6:      layout_gridville, fedhas_altar_2, kennysheep_little_box,
          gammafunk_ghost_grave, minmay_tree_intersection
D:7:      layout_loops_ring
D:8:      layout_gridville, grunt_dithmenos_smoke_and_mirrors, lair_entry_dummy,
          uniq_maggie, uniq_joseph
D:9:      layout_basic, grunt_temple_overflow_open, serial_undead,
          serial_undead_e, serial_undead_c, serial_undead_c, serial_undead_c,
          serial_undead_b
D:10:     layout_gridville
D:11:     layout_small_grid, hiddenorc1_lemuel, gammafunk_ghost_abyssal_escape,
          hangedman_pestilent_swarm, minmay_misc_feat_room, billiards_dpeg
D:12:     layout_roguey, okawaru_humans, uniq_sonja
D:13:     layout_rooms, chequers_serial_rivers_small_a
D:14:     layout_basic, erik_vaults_1, minivault_25, uniq_josephine
D:15:     grunt_enter_depths_magical_seal, layout_basic, roderic_lattice_a
Temple:   dshaligram_water_room_temple
Lair:1:   layout_layer_cave, enter_volcano_3, minivault_19, grunt_megastairs_2
Lair:2:   layout_loops_ring, gauntlet_entry_generic, beast_lair_carwin_6
Lair:3:   layout_chaotic_city, minmay_snake_entry_guardpost_small,
          pf_torpor_hydra, grunt_megastairs_4
Lair:4:   layout_roguey, elwin_shoals_entry_stream, nicolae_quartered_pool_super
Lair:5:   layout_roguey, nicolae_slime_entry_slimehenge, basic_altar,
          eino_house_with_fridge, grunt_megastairs_3
Lair:6:   minmay_lair_end_frog_pond, layout_gridlike, minmay_lair_oklob_chamber
Shoals:1: layout_shoals, nicolae_shoals_cliffside_cave,
          nicolae_shoals_kraken_intersection, uniq_jorgrun
Shoals:2: layout_shoals
Shoals:3: layout_shoals
Shoals:4: shoals_end_simple, layout_shoals, lemuel_oklob_altar
Snake:1:  layout_layer_cave, portal_ice_cave_entry_pillars_three, uniq_aizul
Snake:2:  layout_onion_interference, uniq_azrael
Snake:3:  layout_chambers, serial_bayou_shore_a
Snake:4:  snake_pit_salamanders_mu, layout_cave_shapes, lightli_airlock,
          minmay_shop_grove
Orc:1:    layout_diamond_mine
Orc:2:    st_orc_town, layout_caves
Elf:1:    minmay_elf_arrival_circle, layout_geoelf_grid, special_room
          [special_room_orc], orc_legates, st_stairs_11, uniq_roxanne

Skill      XL: |  1  2  3  4  5  6  7  8  9 10 11 12 13 14 15 16 17 18 19 |
---------------+----------------------------------------------------------+-----
Armour         | 4 5 6 7 9 11 12 13 14 15 16 17 18 | 18.8
Fighting       | 4 5 6 7 8 9 11 12 13 14 15 16 17 18 19 | 19.0
Maces & Flails | 4 5 6 7 9 10 11 12 14 | 14.4
Shields        | 1 2 4 6 8 10 12 13 | 13.2
Dodging        | 2 4 5 6 8 9 |  9.1
Evocations     | 4 6 8 10 11 12 13 | 13.0

Action                   |  1- 3 |  4- 6 |  7- 9 | 10-12 | 13-15 | 16-18 | 19-21 || total
-------------------------+-------+-------+-------+-------+-------+-------+-------++-------
Melee: Mace              |    96 |   168 |   240 |       |       |       |       ||   504
       Morningstar       |       |       |   172 |    72 |       |       |       ||   244
       Demon whip        |       |       |       |   371 |  1553 |  1587 |   705 ||  4216
Invok: Berserk           |     1 |     1 |     5 |     1 |       |     1 |       ||     9
       Trog's Hand       |       |       |       |       |     2 |     1 |     3 ||     6
 Abil: Fly               |       |       |       |       |     1 |       |       ||     1
  Use: Scroll            |       |     7 |     5 |    12 |     3 |     3 |     5 ||    35
       Potion            |       |       |       |     2 |     1 |       |       ||     3
 Stab: Sleeping          |     1 |       |       |       |       |       |       ||     1
  Eat: Chunk             |     1 |     6 |    16 |    11 |    31 |    24 |    11 ||   100
       Ration            |       |     1 |       |     2 |       |     2 |       ||     5
Armor: Animal skin       |    18 |    81 |    24 |       |       |       |       ||   123
       Robe              |       |       |   169 |    53 |       |       |       ||   222
       Chain mail        |       |       |       |   108 |   462 |       |       ||   570
       Crystal plate arm |       |       |       |       |   152 |  1074 |   469 ||  1695
Dodge: Dodged            |    60 |   114 |   281 |   219 |   746 |   546 |   247 ||  2213
Block: Buckler           |       |     2 |   111 |    64 |   226 |   340 |   146 ||   889

Table legend:
 A = Non-vault XP
 B = Vault XP
 C = Vault XP percentage of total XP
 D = Non-vault monster count
 E = Vault monster count
 F = Vault count percentage of total count
                 A         B        C        D         E       F
            +---------+---------+-------+---------+---------+-------
      Total |  242446 |  150546 |  38.3 |     920 |     410 |  30.8
            +---------+---------+-------+---------+---------+-------
        D:1 |      25 |       0 |   0.0 |      17 |       0 |   0.0
        D:2 |      57 |     231 |  80.2 |      16 |       1 |   5.9
        D:3 |      53 |      82 |  60.7 |      14 |       4 |  22.2
        D:4 |     545 |     794 |  59.3 |      21 |      10 |  32.3
        D:5 |     364 |     475 |  56.6 |      15 |       1 |   6.2
        D:6 |     717 |     586 |  45.0 |      20 |       1 |   4.8
        D:7 |     828 |       0 |   0.0 |      12 |       0 |   0.0
        D:8 |    3205 |     795 |  19.9 |      33 |       2 |   5.7
        D:9 |    3373 |     678 |  16.7 |      26 |       9 |  25.7
       D:10 |    2402 |       0 |   0.0 |      23 |       0 |   0.0
       D:11 |    8552 |    5032 |  37.0 |      51 |      32 |  38.6
       D:12 |    3432 |    1206 |  26.0 |      31 |       3 |   8.8
       D:13 |    6743 |       0 |   0.0 |      37 |       0 |   0.0
       D:14 |   13596 |    3934 |  22.4 |      37 |       8 |  17.8
       D:15 |   12741 |    4765 |  27.2 |      41 |       9 |  18.0
     Lair:1 |    3019 |     556 |  15.6 |      13 |       3 |  18.8
     Lair:2 |    2382 |    1444 |  37.7 |       8 |       6 |  42.9
     Lair:3 |    1500 |    2547 |  62.9 |       6 |       8 |  57.1
     Lair:4 |    4865 |    1500 |  23.6 |      26 |       4 |  13.3
     Lair:5 |    5436 |    1961 |  26.5 |      29 |      19 |  39.6
     Lair:6 |    9550 |   15145 |  61.3 |      37 |      54 |  59.3
   Shoals:1 |   11301 |    4883 |  30.2 |      29 |       2 |   6.5
   Shoals:2 |   16861 |       0 |   0.0 |      32 |       0 |   0.0
   Shoals:3 |   18887 |       0 |   0.0 |      35 |       0 |   0.0
   Shoals:4 |   20341 |   16996 |  45.5 |      47 |      30 |  39.0
    Snake:1 |   17438 |    1794 |   9.3 |      36 |       1 |   2.7
    Snake:2 |    7895 |    2469 |  23.8 |      17 |       8 |  32.0
    Snake:3 |   14232 |       0 |   0.0 |      26 |       0 |   0.0
    Snake:4 |   19797 |   55433 |  73.7 |      37 |      80 |  68.4
      Orc:1 |    9997 |     272 |   2.6 |      74 |       2 |   2.6
      Orc:2 |    5297 |    7981 |  60.1 |      47 |      54 |  53.5
      Elf:1 |   17015 |    5203 |  23.4 |      27 |      11 |  28.9
      Sewer |       0 |     139 | 100.0 |       0 |      19 | 100.0
      IceCv |       0 |    7352 | 100.0 |       0 |      22 | 100.0
    Volcano |       0 |    6293 | 100.0 |       0 |       7 | 100.0
            +---------+---------+-------+---------+---------+-------
